 Dungeon Crawl Stone Soup version 0.31.0-32-g396128a36d (webtiles) character file.

Game seed: 15843485174631076438

1366 gohu the Thaumaturge (level 8, -11/50 HPs)
             Began as a Djinni Fire Elementalist on Mar 14, 2024.
             Mangled by a wraith (12 damage)
             ... on level 5 of the Dungeon.
             The game lasted 00:06:54 (4640 turns).

gohu the Thaumaturge (Djinni Fire Elementalist)     Turns: 4640, Time: 00:06:54

Health: -11/50     AC:  2    Str:  7    XL:     8   Next: 97%
Gold:   211        EV: 12    Int: 19    God:
                   SH:  0    Dex: 14

rFire   + + +        q - +2 short sword (protect)
rCold   . . .        (no shield)
rNeg    . . .        a - +0 robe
rPois   ∞            (no helmet)
rElec   .            d - scarf {rC+ rF+}
rCorr   .            (no gloves)
SInv    .            (boots unavailable)
Will    .....        (no amulet)
Stlth   ++           i - +4 ring of slaying
HPRegen 0.28/turn    (no ring)
MPRegen 0.00/turn

%: infuse magic (-12 HP)
@: flying, very slightly contaminated, studying Ranged Weapons
A: sickness immunity, fire resistance 2, cold vulnerability 1, float, innate
caster, HP casting, extra vitality 1
a: no special abilities


You were on level 5 of the Dungeon.
You visited 1 branch of the dungeon, and saw 5 of its levels.

You collected 211 gold pieces.

Inventory:

Hand Weapons
 c - a +1 flail of venom
 q - a +2 short sword of protection (weapon)
Armour
 a - a +0 robe (worn)
 d - a scarf of resistance (worn)
Jewellery
 i - a +4 ring of slaying (left hand)
 p - a ring of protection from fire
Scrolls
 b - 4 scrolls of teleportation {unknown}
 e - 6 scrolls of identify {unknown}
 g - a scroll of fog {unknown}
 h - 2 scrolls of immolation {unknown}
 m - 3 scrolls of vulnerability {unknown}
 n - 2 scrolls of enchant armour {unknown}
 s - a scroll of fear {unknown}
 t - a scroll of revelation {unknown}
 v - a scroll of amnesia {unknown}
Potions
 f - a potion of heal wounds {unknown}
 j - a potion of attraction {unknown}
 k - a potion of might {unknown}
 l - 3 potions of curing {unknown}
 o - a potion of lignification {unknown}
 r - 2 potions of enlightenment {unknown}
 u - a potion of mutation {unknown}


   Skills:
 - Level 2.1 Dodging
 - Level 1.5 Stealth
 + Level 8.7 Spellcasting
 + Level 8.7 Conjurations
 + Level 8.7 Hexes
 + Level 8.7 Summonings
 + Level 8.7 Necromancy
 + Level 8.7 Translocations
 + Level 8.7 Fire Magic
 + Level 8.7 Ice Magic
 + Level 8.7 Air Magic
 + Level 8.7 Earth Magic
 + Level 8.7 Alchemy


You knew the following spells:

 Your Spells              Type           Power      Damage    Failure   Level
a - Foxfire               Conj/Fire      100%       2x1d9     1%          1
b - Scorch                Fire           82%        2d8       1%          2
c - Flame Wave            Conj/Fire      41%        2d11      2%          4
d - Inner Flame           Hex/Fire       41%        N/A       1%          3
e - Volatile Blastmotes   Fire/Tloc      82%        2d16      1%          3
f - Apportation           Tloc           82%        N/A       1%          1
g - Ensorcelled Hibernat  Hex/Ice        82%        N/A       1%          2
h - Momentum Strike       Conj/Tloc      82%        3d10      1%          2
Your spell library was empty.

Dungeon Overview and Level Annotations

Branches:
Dungeon (5/15)
 Temple: D:4-7

Altars:

Shops:
D:5 [

Annotations:
D:5 4 runed translucent doors


Innate Abilities, Weirdness & Mutations

You are immune to sickness and miasma.
You are immune to poison.
Your flesh is very heat resistant. (rF++)
You are vulnerable to cold. (rC-)
You float through the air rather than walking.
You learn spells naturally, not from books.
Your magical power is your life essence.
You have superior vitality. (+4 MHP)


Message History

You destroy the sleepcap!
The flame wave engulfs the jelly!
You kill the jelly!
A wave of flame ripples out!
You hear an angry hiss.
You finish channelling waves of flame.
An iguana comes into view.
Casting: Flame Wave (dangerous; 2% risk of failure)
Confirm with . or Enter, or press ? or * to list all spells.
Casting: Flame Wave (dangerous; 2% risk of failure)
Press: ? - help, Dir - look around, f - activate A wave of flame ripples out! (Press . to intensify the flame waves.)
A wave of flame ripples out!
The flame wave engulfs the iguana.
The iguana is severely wounded.
You feel a bit more experienced.
You hear a shout!
The iguana bites you!
* * * LOW HITPOINT WARNING * * *
A wave of flame ripples out!
The flame wave engulfs the iguana!
You kill the iguana!
* * * LOW HITPOINT WARNING * * *
You finish channelling waves of flame.
A wraith comes into view.
You aren't carrying any items that you can evoke.
Casting: Flame Wave (dangerous; 2% risk of failure)
Confirm with . or Enter, or press ? or * to list all spells.
You can't see any susceptible monsters within range! (Use Z to cast anyway.)
Casting: Flame Wave (dangerous; 2% risk of failure)
Confirm with . or Enter, or press ? or * to list all spells.
Casting: Flame Wave (dangerous; 2% risk of failure)
Press: ? - help, Dir - look around, f - activate You miscast Flame Wave.
You are very lightly contaminated with residual magic.
Nothing appears to happen.
* * * LOW HITPOINT WARNING * * *
The wraith hits you!
* * * LOW HITPOINT WARNING * * *
The wraith hits you!
You die...

#####..........##
#.>...######....#
#.#..##8|?8##.#.#
#.##.#8.o..8#.#.#########
#.#..+.....o+...........#####
#.#..+o...of+.#.####.........
##.#..#8....8#...# #.##.####.
#..#..##8(o8##.#### #.##.# #.
#......######@....###.##.# #.
#..###†# #W###.....##.# #.
#.##.#.### #.† ##...##..####.
#.#.#.##[# ##.# #..........#.
#.#.###..# ## #...##.###.#.
#.#.#..### #..###.###...
#.#.#.##)# #...........[
#.##....#### ##.####.####..
#..######..######..# #.###...


You could see a wraith.

Vanquished Creatures
  A hornet (D:5)
  2 ogres
  A phantom (D:5)
  6 scorpions
  A bombardier beetle (D:5)
  A jelly (D:5)
  3 orc priests (D:5)
  3 hounds (D:4)
  A sleepcap (D:5)
  3 iguanas
  10 adders
  2 gnolls
  2 shadow imps (D:5)
  A white imp (D:5)
  2 ufetubi (D:5)
  A ribbon worm (D:5)
  2 dart slugs
  5 orcs
  4 ball pythons
  A bat (D:3)
  10 endoplasms
  2 giant cockroaches (D:1)
  6 goblins
  6 hobgoblins
  7 quokkas
  3 frilled lizards
  11 kobolds
  8 rats
  A spectral hobgoblin (D:3)
106 creatures vanquished.

Vanquished Creatures (others)
  214 foxfires
214 creatures vanquished.

Grand Total: 320 creatures vanquished

Notes
Turn   | Place    | Note
-------+----------+-------------------------------------------
     0 | D:1      | gohu the Djinni Fire Elementalist began the quest for the
                  | Orb.
     0 | D:1      | gohu set off with the following spells memorised: Foxfire,
                  | Scorch, Volatile Blastmotes, Inner Flame, Flame Wave.
     0 | D:1      | Reached XP level 1. HP: 15/15 MP: 0/0
    96 | D:1      | Reached XP level 2. HP: 21/21 MP: 0/0
   283 | D:1      | Reached XP level 3. HP: 21/25 MP: 0/0
   283 | D:1      | Learned a level 1 spell: Apportation
  1061 | D:2      | Reached XP level 4. HP: 31/31 MP: 0/0
  1615 | D:3      | Found a faded altar of an unknown god.
  1961 | D:3      | Noticed an ogre
  1967 | D:3      | Killed an ogre
  1968 | D:3      | Reached skill level 5 in Spellcasting
  1968 | D:3      | Reached skill level 5 in Conjurations
  1968 | D:3      | Reached skill level 5 in Hexes
  1968 | D:3      | Reached skill level 5 in Summonings
  1968 | D:3      | Reached skill level 5 in Necromancy
  1968 | D:3      | Reached skill level 5 in Translocations
  1968 | D:3      | Reached skill level 5 in Fire Magic
  1968 | D:3      | Reached skill level 5 in Ice Magic
  1968 | D:3      | Reached skill level 5 in Air Magic
  1968 | D:3      | Reached skill level 5 in Earth Magic
  1968 | D:3      | Reached skill level 5 in Alchemy
  1968 | D:3      | Reached XP level 5. HP: 29/35 MP: 0/0
  1968 | D:3      | Learned a level 2 spell: Ensorcelled Hibernation
  2039 | D:3      | Reached XP level 6. HP: 38/40 MP: 0/0
  2705 | D:4      | Reached XP level 7. HP: 44/45 MP: 0/0
  2705 | D:4      | Learned a level 2 spell: Momentum Strike
  3393 | D:5      | Entered Level 5 of the Dungeon
  3828 | D:5      | Reached XP level 8. HP: 30/50 MP: 0/0
  3947 | D:5      | Found a large runed translucent door.
  3947 | D:5      | Found a large runed translucent door.
  3959 | D:5      | Found a large runed translucent door.
  3959 | D:5      | Found a large runed translucent door.
  4032 | D:5      | Noticed a hornet
  4036 | D:5      | Killed a hornet
  4166 | D:5      | Identified the +2 ring mail "Zauriczy" {rC+}
  4457 | D:5      | Found Tarhunz's Dragon-Slaying Spoils.
  4637 | D:5      | Noticed a wraith
  4639 | D:5      | HP: 1/50 [wraith (12)]
  4640 | D:5      | Mangled by a wraith

Illustrated notes

Levels and vault maps discovered:
D:1:      mushboom_english_gardens, layout_basic, serial_rivers,
          chequers_serial_rivers_micro_a, chequers_serial_rivers_small_b,
          chequers_serial_rivers_room_a, chequers_serial_rivers_large_a,
          chequers_serial_rivers_marsh, st_stairs_6
D:2:      layout_loops_ring, grunt_ministairs_12
D:3:      layout_loops_ring, nicolae_overflow_hidden_temple,
          dreamdust_ecumenical_altar_drowned_temple
D:4:      layout_loops_ring
D:5:      layout_loops_ring, st_stairs_8, nicolae_shop_dragon_depot,
          amethyst_killhole, kennysheep_nub, nicolae_eternal_life,
          minmay_hollow_rounded_squares

Skill      XL: |  1  2  3  4  5  6  7  8 |
---------------+-------------------------+-----
Spellcasting   | 4 5 6 7 8 |  8.7
Conjurations   | 4 5 6 7 8 |  8.7
Hexes          | 4 5 6 7 8 |  8.7
Summonings     | 4 5 6 7 8 |  8.7
Necromancy     | 4 5 6 7 8 |  8.7
Translocations | 4 5 6 7 8 |  8.7
Fire Magic     | 4 5 6 7 8 |  8.7
Ice Magic      | 4 5 6 7 8 |  8.7
Air Magic      | 4 5 6 7 8 |  8.7
Earth Magic    | 4 5 6 7 8 |  8.7
Alchemy        | 4 5 6 7 8 |  8.7
Dodging        | |  2.1
Stealth        | |  1.5

Action                     |  1- 3 |  4- 6 |  7- 9 || total
---------------------------+-------+-------+-------++-------
   Cast: Foxfire           |    51 |    39 |    46 ||   136
         Scorch            |    10 |    17 |    24 ||    51
         Volatile Blastmot |       |     6 |     3 ||     9
         Flame Wave        |       |       |     8 ||     8
 Armour: Robe              |     2 |    12 |    15 ||    29
  Dodge: Dodged            |     3 |    13 |    14 ||    30
